 Dungeon Crawl Stone Soup version 0.27.1-34-g3ba077fa99 (webtiles) character file.

Game seed: 12146012631180193114

64 iwittbrodt the Poker (level 3, -3/33 HPs)
             Began as a Minotaur Gladiator on Jan 26, 2022.
             Slain by an ogre (20 damage)
             ... on level 2 of the Dungeon.
             The game lasted 00:05:26 (1627 turns).

iwittbrodt the Poker (Minotaur Gladiator)           Turns: 1627, Time: 00:05:27

Health: -3/33      AC:  4    Str: 19    XL:     3   Next: 91%
Magic:  2/2        EV: 12    Int:  5    God:
Gold:   66         SH:  0    Dex: 11    Spells: 2/2 levels left

rFire    . . .     SeeInvis .   a - +0 trident
rCold    . . .     Faith    .   (no shield)
rNeg     . . .     Spirit   .   h - +0 leather armour
rPois    .         Reflect  .   c - +0 hat
rElec    .         Harm     .   (no cloak)
rCorr    .         Rampage  .   l - +0 pair of gloves
Will     .....                  (no boots)
Stlth    +.........             (no amulet)
HPRegen  0.11/turn              (no ring)
MPRegen  0.08/turn              (no ring)

@: no status effects
A: horns 2, retaliatory headbutt
a: no special abilities


You were on level 2 of the Dungeon.
You visited 1 branch of the dungeon, and saw 2 of its levels.

You collected 66 gold pieces.

Inventory:

Hand Weapons
 a - a +0 trident (weapon)
 b - a +0 hunting sling
Missiles
 d - 3 throwing nets
 e - 62 stones (quivered)
 n - 35 arrows
Armour
 c - a +0 hat (worn)
 h - a +0 leather armour (worn)
 l - a +0 pair of gloves (worn)
Scrolls
 f - 2 scrolls of fog {unknown}
 i - a scroll of enchant weapon {unknown}
 j - a scroll of torment {unknown}
 k - a scroll of fear {unknown}
 m - a scroll of magic mapping {unknown}
Potions
 g - a potion of curing {unknown}
 o - a potion of might {unknown}


   Skills:
 * Level 3.7 Fighting
 + Level 4.1 Polearms
 + Level 2.5 Throwing
 + Level 3.8 Dodging


You had 2 spell levels left.
You didn't know any spells.
Your spell library was empty.

Dungeon Overview and Level Annotations

Branches:
Dungeon (2/15)

Altars:


Innate Abilities, Weirdness & Mutations

You have a pair of horns on your head.
You reflexively headbutt those who attack you in melee.


Message History

Press: ? - help, Q - select action, (/) - cycle Shift-Dir - straight line, f/p - ogre
Aim: an ogre, wielding a +0 giant club (heavily wounded, 72% to hit)
You shoot a stone. The stone closely misses the ogre.
Fire: 64 stones
Press: ? - help, Q - select action, (/) - cycle Shift-Dir - straight line, f/p - ogre
Aim: an ogre, wielding a +0 giant club (heavily wounded, 72% to hit)
You shoot a stone. The stone hits the ogre!
The ogre is severely wounded.
Fire: 63 stones
Press: ? - help, Q - select action, (/) - cycle Shift-Dir - straight line, f/p - ogre
Aim: an ogre, wielding a +0 giant club (severely wounded, 72% to hit)
You shoot a stone. The stone hits the ogre.
The ogre is almost dead.
a - a +0 trident (weapon)
The ogre hits you with a +0 giant club!!
Ouch! That really hurt!
You see here a +0 dagger.
There is a stone staircase leading up here.
You are too injured to fight recklessly!
Reach: a) +0 trident
Press: ? - help, Dir - move target, f/p - ogre
Aim: an ogre, wielding a +0 giant club (almost dead, about 27% to evade your +0 trident)
You reach to attack!
You hit the ogre but do no damage.
The ogre is almost dead.
The ogre hits you with a +0 giant club!
* * * LOW HITPOINT WARNING * * *
Unknown command.
Reach: a) +0 trident
Press: ? - help, Dir - move target, f/p - ogre
Aim: an ogre, wielding a +0 giant club (almost dead, about 27% to evade your +0 trident)
You reach to attack!
You barely miss the ogre.
The ogre is almost dead.
Reach: a) +0 trident
Press: ? - help, Dir - move target, f/p - ogre
Aim: an ogre, wielding a +0 giant club (severely wounded, about 27% to evade your +0 trident)
You reach to attack!
You barely miss the ogre.
The ogre is severely wounded.
The ogre hits you with a +0 giant club!!
Ouch! That really hurt!
You die...

#.#.#.##.# #. .#.#.##.# #.#
....##.# # #.######### #.#.##.#
#####.###.........###.#.##.######
.....................<.....#.#...
...........................รท.....
......##....................###.
#. #..##......O@.##........(....
#.##..##.####.)...#..#.##...###.
#............<)......#.#.(((....
.#.<#...................(....###.
......................(..........
.#..#...#..###.###....###....###.
......................###....###.
.#..#......##...........#........
.#..#......##..#####..........##.


You could see an ogre.

Vanquished Creatures
  2 adders (D:2)
  3 dart slugs
  3 endoplasms
  A giant cockroach (D:1)
  4 goblins
  7 hobgoblins
  2 quokkas (D:1)
  3 ball pythons
  3 bats
  4 frilled lizards
  3 kobolds
  4 rats
39 creatures vanquished.

Notes
Turn   | Place    | Note
-------+----------+-------------------------------------------
     0 | D:1      | iwittbrodt the Minotaur Gladiator began the quest for the
                  | Orb.
     0 | D:1      | Reached XP level 1. HP: 18/18 MP: 0/0
   136 | D:1      | Reached XP level 2. HP: 24/25 MP: 1/1
   693 | D:1      | Reached XP level 3. HP: 24/31 MP: 2/2
   864 | D:1      | Found a faded altar of an unknown god.
   995 | D:2      | Reached skill level 4 in Polearms
  1414 | D:2      | Noticed an ogre
  1627 | D:2      | Slain by an ogre

Illustrated notes

Levels and vault maps discovered:
D:1:      psy_arrival_statuary, layout_loops_ring,
          shapermc_ecumenical_altar_mp_vishouse
D:2:      layout_basic, serial_shops, nicolae_shop_waterfront,
          kennysheep_decorative_pillar, uniq_jessica

Skill      XL: |  1  2  3 |
---------------+----------+-----
Fighting       | 3 |  3.7
Polearms       | 4 |  4.1
Throwing       | |  2.5
Dodging        | |  3.8

Action                   || total
-------------------------++-------
Melee: Trident           ||    87
       Headbutt          ||     4
 Fire: Hunting sling     ||     8
Throw: Stone             ||     6
Armor: Leather armour    ||    18
Dodge: Dodged            ||    48
